 Dungeon Crawl Stone Soup version 0.29-a0-834-g1e95ca9f62 (webtiles) character file.

Game seed: 604787923461511451

41416 MisterPants the Severer (level 13, -11/125 HPs)
             Began as a Minotaur Gladiator on July 12, 2022.
             Was an Initiate of Gozag.
             Mangled by an elephant (37 damage)
             ... on level 6 of the Lair of Beasts.
             The game lasted 00:38:01 (22599 turns).

MisterPants the Severer (Minotaur Gladiator)       Turns: 22599, Time: 00:38:01

Health: -11/125    AC: 20    Str: 25    XL:     13   Next: 79%
Magic:  0/12       EV:  2    Int:  5    God:    Gozag
Gold:   3339       SH:  0    Dex: 13    Spells: 12/12 levels left

rFire   . . .      SeeInvis .   a - +4 war axe of the Magi {freeze, rC+ Dex+2}
rCold   + . .      Faith    .   (no shield)
rNeg    + . .      Spirit   +   x - +0 plate armour
rPois   +          Reflect  .   c - +1 hat
rElec   +          Harm     .   f - +0 cloak
rCorr   +          Rampage  .   C - +0 pair of gloves
Will    .....                   K - +0 pair of boots
Stlth   ..........              E - amulet of guardian spirit
HPRegen 0.30/turn               z - ring of poison resistance
MPRegen 0.13/turn               G - ring of Huizim {rElec rN+ rCorr Slay+3}

@: sleeping, gold aura
A: horns 2, retaliatory headbutt
a: Renounce Religion, Potion Petition, Call Merchant, Bribe Branch


You were on level 6 of the Lair of Beasts.
You worshipped Gozag.
Gozag was most pleased with you.
You visited 3 branches of the dungeon, and saw 20 of its levels.

You collected 3681 gold pieces.
You spent 183 gold pieces at shops.
You paid 159 gold pieces to Gozag.

Inventory:

Hand Weapons
 a - the +4 war axe of the Magi (weapon) {freeze, rC+ Dex+2}
   (You found it on level 12 of the Dungeon)

   It freezes those it strikes, dealing additional cold damage.
   It can also slow down cold-blooded creatures.
   Dex:       It affects your dexterity (+2).
   rC:        It protects you from cold.
 r - a +4 dire flail
 F - a +1 war axe of venom
Missiles
 d - 2 throwing nets (quivered)
 e - 5 javelins
 o - 9 boomerangs
Armour
 c - a +1 hat (worn)
 f - a +0 cloak (worn)
 m - a +0 buckler
 x - a +0 plate armour (worn)
 C - a +0 pair of gloves (worn)
 K - a +0 pair of boots (worn)
Jewellery
 i - a ring of willpower
 p - a ring of positive energy
 y - a ring of ice
 z - a ring of poison resistance (left hand)
 E - an amulet of guardian spirit (around neck)
 G - the ring of Huizim (right hand) {rElec rN+ rCorr Slay+3}
   (You acquired it on level 12 of the Dungeon)

   [ring of positive energy]

   Slay:      It affects your accuracy & damage with ranged weapons and melee
   (+3).
   rElec:     It insulates you from electricity.
   rN:        It protects you from negative energy.
   rCorr:     It protects you from acid and corrosion.
Wands
 t - a wand of flame (25)
 v - a wand of iceblast (8)
 D - a wand of charming (8)
Scrolls
 l - 14 scrolls of teleportation
 u - a scroll of enchant weapon
 B - 2 scrolls of brand weapon
 H - 8 scrolls of identify
 I - a scroll of magic mapping
 J - a scroll of blinking
 L - a scroll of fog
Potions
 b - 4 potions of attraction
 g - 4 potions of invisibility
 h - 2 potions of might
 j - 8 potions of curing
 k - 6 potions of lignification
 n - a potion of cancellation
 q - a potion of haste
 s - 5 potions of heal wounds
 w - 3 potions of ambrosia
 A - 3 potions of berserk rage


   Skills:
 + Level 14.5 Fighting
 - Level 18.0 Axes
 - Level 2.0 Throwing
 + Level 11.7 Armour
 + Level 11.3 Dodging
 - Level 6.0 Shields


You had 12 spell levels left.
You didn't know any spells.
Your spell library contained the following spells:

 Spells                   Type           Power      Damage    Failure   Level
 Foxfire                  Conj/Fire      0%         2x1d4     99%         1
 Sandblast                Erth           0%         2d4       99%         1
 Passwall                 Tmut/Erth      0%         N/A       100%        2
 Static Discharge         Conj/Air       0%         3-3/arc   100%        2
 Conjure Flame            Conj/Fire      0%         6-21      100%        3
 Dazzling Flash           Conj/Hex       0%         N/A       100%        3
 Gell's Gravitas          Tloc           0%         N/A       100%        3
 Ignite Poison            Fire/Tmut/Pois 0%         N/A       100%        3
 Inner Flame              Hex/Fire       0%         N/A       100%        3
 Lesser Beckoning         Tloc           0%         N/A       100%        3
 Stone Arrow              Conj/Erth      0%         3d7       100%        3
 Summon Guardian Golem    Hex/Summ       0%         N/A       100%        3
 Teleport Other           Tloc           0%         N/A       100%        3
 Airstrike                Air            0%         0-1+      100%        4
 Flame Wave               Conj/Fire      0%         2d4       100%        4
 Sticky Flame             Conj/Fire      0%         2d3       100%        4
 Summon Lightning Spire   Summ/Air       0%         N/A       100%        4
 Agony                    Necr           0%         N/A       100%        5
 Lightning Bolt           Conj/Air       0%         1d11      100%        5
 Silence                  Hex/Air        0%         N/A       100%        5
 Orb of Destruction       Conj           0%         9d5       100%        7
 Spellforged Servitor     Conj/Summ      0%         N/A       100%        7
 Maxwell's Capacitive Co  Air            0%         ∞         100%        8


Dungeon Overview and Level Annotations

Branches:
Dungeon (13/15)            Temple (1/1) D:6            Lair (5/6) D:11
  Swamp (0/4) Lair:3       Spider (0/4) Lair:2          Orc (0/2) D:12
  Slime: Lair:5-6    Vaults: D:13-14

Altars:
Dithmenos
Elyvilon
Gozag
Kikubaaqudgha
Makhleb
Nemelex Xobeh
Okawaru
Ru
Sif Muna
Trog
Uskayaw
Vehumet
Wu Jian
Yredelemnul
Zin
The Shining One

Shops:
D:5 :   D:6 *   D:8 (   D:10 *!(=

Annotations:
Lair:2 exclusion: oklob plant


Innate Abilities, Weirdness & Mutations

You have a pair of horns on your head.
You reflexively headbutt those who attack you in melee.


Message History

The elephant trunk-slaps you but does no damage.
Found a stone staircase leading up.
The dream sheep is distracted by your dazzling golden aura.
The elephant tramples you but does no damage.
The elephant trunk-slaps you but does no damage.
The dream sheep is distracted by your dazzling golden aura.
You see here 39 gold pieces.
Unknown command.
You barely miss the yak.
The dream sheep bleats!
You hit the elephant but do no damage. You slash the dream sheep!
You freeze the dream sheep.
The dream sheep is no longer distracted by gold. x2
The dream sheep are wreathed in dream dust.
You feel drowsy...
You fall asleep.
The yak gores you but does no damage. The elephant tramples you.
You wake up.
You stumble backwards!
The dream sheep is distracted by your dazzling golden aura.
The dream sheep is no longer distracted by gold.
The yak is no longer distracted by gold.
The yak gores you!
* * * LOW HITPOINT WARNING * * *
The elephant tramples you!
* * * LOW HITPOINT WARNING * * *
You hold your ground!
The elephant trunk-slaps you but does no damage.
The dream sheep is no longer distracted by gold.
The yak is distracted by your dazzling golden aura.
The dream sheep is distracted by your dazzling golden aura. x2
Unknown command.
The dream sheep is no longer distracted by gold.
The yak is no longer distracted by gold.
The yak gores you.
* * * LOW HITPOINT WARNING * * *
The yak is distracted by your dazzling golden aura.
The dream sheep shake their wool and sparkle.
You feel drowsy...
You fall asleep.
The yak gores you but does no damage. The elephant tramples you!!!
You die...
Your body crumbles into a pile of gold.

..P.....###...........$..
.P#.....# #....$.#.......
..##.#### ##..$$$.#.#.#..
..#### #....$$$..8....
..# #....$#.#...... ###
#....#$$$Y....# #
#....#YY.......
##.##.YYY......
#.#..@##....#. ##....#
.8Y.# #..### ...... #...
....## #<.8 8..# #... $
##.


You could see an elephant, 2 yaks and 3 dream sheep.

Vanquished Creatures
  Josephine (D:10)
  Fannar (Lair:2)
  4 hydras
  4 two-headed ogres
  A catoblepas (Lair:6)
  Erica (Lair:2)
  2 death yaks (Lair:6)
  Nergalle (D:10)
  A bog body (Lair:3)
  A lindwurm (Lair:3)
  2 manticores
  2 cyclopes
  6 elephants (Lair:6)
  3 black mambas
  A gargoyle (D:12)
  8 cane toads
  Maggie (D:8)
  An unseen horror (D:10)
  Psyche (D:9)
  6 komodo dragons
  A meliai (Lair:2)
  A polar bear (Lair:3)
  2 hornets
  2 trolls
  8 dream sheep
  5 blink frogs (Lair:6)
  2 shadows
  6 wyverns
  50 yaks
  6 wraiths
  Grum (D:10)
  4 steam dragons
  A swamp worm (Lair:3)
  10 water moccasins
  Duvessa (D:7)
  2 ice beasts
  3 sky beasts
  A black bear (D:3)
  7 orc warriors
  An ogre (D:7)
  4 centaurs
  18 wolves
  2 phantoms
  12 bullfrogs
  A kobold brigand (D:10)
  3 gnoll sergeants
  6 scorpions
  9 wights
  Dowan (D:7)
  10 killer bees
  2 electric eels
  5 howler monkeys
  A jelly (D:7)
  5 hounds
  5 gnoll boudas
  3 orc priests
  Jessica (D:2)
  4 iguanas
  16 orc wizards
  7 hell rats (Lair:6)
  28 gnolls
  5 adders
  2 shadow imps
  2 white imps (D:6)
  An ufetubus (D:5)
  A worm (D:5)
  A dart slug (D:4)
  52 orcs
  9 endoplasms
  2 giant cockroaches
  6 goblins
  9 hobgoblins
  7 jackals
  12 kobolds
  4 quokkas
  4 ball pythons
  A bat (D:2)
  A frilled lizard (D:1)
  5 rats (D:1)
  A spectral orc (D:4)
430 creatures vanquished.

Vanquished Creatures (others)
  A rime drake (Lair:3)
  20 fungi
  40 plants
61 creatures vanquished.

Grand Total: 491 creatures vanquished

Notes
Turn   | Place    | Note
-------+----------+-------------------------------------------
     0 | D:1      | MisterPants the Minotaur Gladiator began the quest for the
                  | Orb.
     0 | D:1      | Reached XP level 1. HP: 18/18 MP: 0/0
   299 | D:1      | Reached XP level 2. HP: 20/25 MP: 1/1
   355 | D:1      | Reached skill level 4 in Axes
   653 | D:1      | Reached skill level 1 in Armour
  1200 | D:2      | Noticed Jessica
  1201 | D:2      | Killed Jessica
  1202 | D:2      | Reached XP level 3. HP: 31/31 MP: 2/2
  1362 | D:2      | Found a faded altar of an unknown god.
  1813 | D:2      | Reached XP level 4. HP: 38/38 MP: 3/3
  2661 | D:3      | Noticed an ice beast
  2676 | D:3      | Killed an ice beast
  2677 | D:3      | Reached skill level 5 in Axes
  2677 | D:3      | Reached XP level 5. HP: 15/46 MP: 4/4
  3352 | D:3      | Noticed a black bear
  3358 | D:3      | Killed a black bear
  3359 | D:3      | Reached skill level 6 in Axes
  3359 | D:3      | Reached XP level 6. HP: 39/52 MP: 5/5
  3916 | D:5      | Entered Level 5 of the Dungeon
  4083 | D:4      | Reached skill level 7 in Axes
  4205 | D:4      | Found a basalt altar of Yredelemnul.
  4234 | D:4      | Found a bloodstained altar of Trog.
  4339 | D:4      | Reached XP level 7. HP: 24/60 MP: 6/6
  4353 | D:4      | Reached skill level 5 in Fighting
  5420 | D:5      | Reached skill level 8 in Axes
  5644 | D:5      | Found Niugeyt's Self-Improvement Boutique.
  5933 | D:5      | Reached skill level 9 in Axes
  6091 | D:6      | Reached XP level 8. HP: 45/71 MP: 7/7
  6562 | D:7      | Reached skill level 10 in Axes
  7214 | D:6      | Found Lelut's General Store.
  7353 | D:6      | Reached skill level 5 in Dodging
  7549 | D:6      | Found a staircase to the Ecumenical Temple.
  7555 | Temple   | Entered the Ecumenical Temple
  7570 | Temple   | Became a worshipper of Gozag Ym Sagoz the Greedy
  7908 | D:6      | Reached skill level 11 in Axes
  7908 | D:6      | Reached XP level 9. HP: 41/80 MP: 8/8
  9133 | D:8      | Reached skill level 5 in Armour
  9138 | D:8      | Noticed Maggie
  9149 | D:8      | HP: 2/81 [Maggie/bolt of fire (20)]
  9151 | D:8      | Killed Maggie
  9152 | D:8      | Reached skill level 12 in Axes
  9588 | D:7      | Noticed Duvessa
  9588 | D:7      | Noticed Dowan
  9600 | D:7      | Killed Duvessa
  9602 | D:7      | Killed Dowan
 10321 | D:8      | Found an iron altar of Okawaru.
 10561 | D:8      | Reached XP level 10. HP: 88/90 MP: 9/9
 10800 | D:8      | Found Mokhlomae's Weapon Boutique.
 11041 | D:8      | Reached skill level 1 in Shields
 11331 | D:9      | Noticed Psyche
 11345 | D:9      | Killed Psyche
 11346 | D:9      | Reached skill level 13 in Axes
 12094 | D:10     | Entered Level 10 of the Dungeon
 12421 | D:10     | Found Hontoj's Jewellery Boutique.
 12804 | D:9      | Found a sacrificial altar of Ru.
 12951 | D:9      | Reached skill level 14 in Axes
 12955 | D:9      | Reached skill level 10 in Fighting
 13013 | D:10     | Found Gelo's Distillery.
 13018 | D:10     | Bought a potion of heal wounds for 60 gold pieces
 13018 | D:10     | Bought a potion of heal wounds for 60 gold pieces
 13026 | D:10     | Noticed a two-headed ogre
 13028 | D:10     | Noticed Nergalle
 13033 | D:10     | Noticed Josephine
 13048 | D:10     | Killed Josephine
 13049 | D:10     | Reached skill level 5 in Shields
 13060 | D:10     | Killed Nergalle
 13061 | D:10     | Reached XP level 11. HP: 32/101 MP: 10/10
 13236 | D:10     | Killed a two-headed ogre
 13501 | D:10     | Reached skill level 15 in Axes
 14172 | D:10     | Found Befid's Antique Weapon Emporium.
 14261 | D:10     | Noticed Grum
 14288 | D:10     | Killed Grum
 14411 | D:10     | Found Teczuos's General Store.
 14445 | D:10     | Bought a +0 pair of gloves for 63 gold pieces
 15302 | D:11     | Noticed a two-headed ogre
 15310 | D:11     | Killed a two-headed ogre
 15884 | D:11     | Found a staircase to the Lair.
 16122 | D:12     | Noticed a two-headed ogre
 16130 | D:12     | Reached skill level 16 in Axes
 16134 | D:12     | Killed a two-headed ogre
 16457 | D:12     | Noticed a two-headed ogre
 16465 | D:12     | Killed a two-headed ogre
 16607 | D:12     | Identified the +4 war axe of the Magi {freeze, rC+ Dex+2}
 16617 | D:12     | Identified a scroll of acquirement
 16617 | D:12     | Acquired the ring of Huizim {rElec rN+ rCorr Slay+3}
 16709 | D:12     | Found a staircase to the Orcish Mines.
 16788 | D:12     | Reached XP level 12. HP: 90/111 MP: 9/11
 17078 | Lair:1   | Entered Level 1 of the Lair of Beasts
 17959 | Lair:1   | Noticed a four-headed hydra
 17969 | Lair:1   | Killed a four-headed hydra
 18444 | Lair:2   | Reached skill level 17 in Axes
 18560 | Lair:2   | Noticed Erica
 18566 | Lair:2   | Killed Erica
 18706 | Lair:2   | Found a hole to the Spider Nest.
 18929 | Lair:2   | Noticed Fannar
 18946 | Lair:2   | Killed Fannar
 19046 | Lair:2   | Found a glowing silver altar of Zin.
 20121 | Lair:3   | Reached XP level 13. HP: 113/119 MP: 12/12
 20125 | Lair:3   | Reached skill level 18 in Axes
 20479 | Lair:3   | Found a staircase to the Swamp.
 20692 | Lair:4   | Reached skill level 10 in Armour
 20870 | Lair:4   | Found a glowing golden altar of the Shining One.
 20893 | Lair:4   | Reached skill level 10 in Dodging
 21744 | Lair:5   | You fall into a shaft and drop 1 floor!
 21744 | Lair:6   | Entered Level 6 of the Lair of Beasts
 21797 | Lair:6   | HP: 3/123 [death yak (10)]
 22411 | Lair:6   | Found a glowing golden altar of the Shining One.
 22599 | Lair:6   | Mangled by an elephant

Illustrated notes

Levels and vault maps discovered:
D:1:      scummos_arrival_checkerplants, layout_basic, serial_glass,
          glass_columns_c, glass_columns_b, serial_bayou_pond_b,
          nicolae_figureground_pulse
D:2:      layout_basic, serial_curves, eino_curves_03, eino_curves_03,
          eino_curves_04, shapermc_ecumenical_altar_mp_highgroup,
          minmay_misc_feat_chi, uniq_jessica
D:3:      layout_loops_cross, nrook_loot_triangle, corexii_hall_statues_x,
          minmay_circle_x
D:4:      layout_gridville, trog_three_pillars_becter,
          yredelemnul_forgotten_temple_becter, corexii_leaking_fountain
D:5:      layout_cave_pools, grunt_ministairs_3, nicolae_shop_self_help
D:6:      layout_layer_cave, temple_green, serial_shops, shop
D:7:      layout_basic, nicolae_grassy_gnolls, uniq_duvessa
D:8:      layout_loops_ring, okawaru_ov_weapons_minmay, serial_shops,
          nicolae_shop_waterfront, kennysheep_small_square, uniq_maggie
D:9:      nicolae_cairo_tiling_very_big, layout_basic, kennysheep_mini,
          hangedman_abyss_or_decor_passed, kennysheep_small_circle, uniq_psyche
D:10:     layout_basic, serial_shops, nicolae_stop_n_shop_2,
          nicolae_shop_waterfront, shop, nicolae_shop_trees, uniq_josephine,
          uniq_nergalle, uniq_grum
D:11:     layout_gridville, lair_entry_dummy
D:12:     layout_loops_ring, hiddenorc1_lemuel
D:13:     layout_rooms, grunt_vaults_entry_tiered, serial_rivers,
          chequers_serial_rivers_micro_e, chequers_serial_rivers_small_b,
          chequers_serial_rivers_micro_d, chequers_serial_rivers_large_b,
          chequers_serial_rivers_small_3, chequers_serial_rivers_micro_d,
          st_stairs_11
Temple:   eino_narrow_crystal_temple
Lair:1:   layout_cave_pods, hangedman_lair_unloving_vines,
          nicolae_lair_lil_pond, dreamdust_gnoll_shepherd
Lair:2:   layout_roguey, hellmonk_spider_entry_not_the_bees, lemuel_oklob_altar,
          serial_bayou_shore_b, uniq_erica, uniq_fannar
Lair:3:   layout_chaotic_city, nicolae_swamp_entry_splash_gauntlet
Lair:4:   layout_hall_layers, basic_altar
Lair:5:   layout_small_grid
Lair:6:   evilmike_catoblepas_cave, layout_cellular_growth, slime_entry_1,
          basic_altar, ebering_ghost_xom, grunt_megastairs_5,
          serial_bayou_shore_b

Skill      XL: |  1  2  3  4  5  6  7  8  9 10 11 12 13 |
---------------+----------------------------------------+-----
Axes           | 4 5 6 7 9 11 12 14 16 17 18 | 18.0
Armour         | 1 2 3 4 6 7 9 11 | 11.7
Fighting       | 3 4 6 7 8 10 11 12 14 | 14.5
Dodging        | 4 5 6 7 9 11 | 11.3
Shields        | 5 6 |  6.0
Throwing       | |  2.0

Action                   |  1- 3 |  4- 6 |  7- 9 | 10-12 | 13-15 || total
-------------------------+-------+-------+-------+-------+-------++-------
Melee: War axe           |    45 |    94 |   253 |   516 |   142 ||  1050
       Headbutt          |     6 |    15 |    40 |   124 |    29 ||   214
       Punch             |       |     1 |     1 |     2 |     3 ||     7
       Dire flail        |       |       |       |     7 |    19 ||    26
Throw: Throwing net      |       |       |       |     3 |       ||     3
Evoke: Wand              |       |       |       |     3 |       ||     3
  Use: Scroll            |       |    14 |     9 |     4 |     2 ||    29
       Potion            |       |       |     1 |     3 |       ||     4
 Stab: Distracted        |       |       |     1 |     1 |     4 ||     6
       Held in net/web   |       |       |       |     1 |       ||     1
Armor: Leather armour    |    13 |    32 |    13 |       |       ||    58
       Chain mail        |       |       |   132 |       |       ||   132
       Plate armour      |       |       |     3 |   269 |    96 ||   368
Dodge: Dodged            |    37 |    91 |   159 |   182 |    89 ||   558
Block: Buckler           |       |       |       |    39 |       ||    39

Table legend: (Time is in decaauts)
 A = Elapsed time spent in this place.
 B = Non-inter-level travel time spent in this place.
 C = Inter-level travel time spent in this place.
 D = Time resting spent in this place.
 E = Time spent auto-exploring this place.
 F = Levels seen in this place.
 G = Mean time per level.
                   A        B        C        D        E       F      G
               +--------+--------+--------+--------+--------+-----+--------+
         Total |  22495 |  22071 |    424 |   1224 |  17265 |  20 | 1124.8 |
       Dungeon |  17048 |  16734 |    314 |   1224 |  12874 |  13 | 1311.4 |
        Temple |     23 |     16 |      7 |      0 |      0 |   1 |   23.0 |
          Lair |   5423 |   5321 |    102 |      0 |   4390 |   6 |  903.8 |
               +--------+--------+--------+--------+--------+-----+--------+

Top non-repeatable levels by time:
     D:6: 2481 daAuts
    D:10: 1942 daAuts
     D:4: 1838 daAuts
     D:9: 1716 daAuts
     D:7: 1540 daAuts
  Lair:1: 1320 daAuts
     D:3: 1304 daAuts
  Lair:3: 1185 daAuts
     D:1: 1180 daAuts
    D:11: 1133 daAuts
     D:8: 1128 daAuts
     D:2: 1007 daAuts
    D:12: 985 daAuts
  Lair:2: 977 daAuts
  Lair:4: 963 daAuts
